[Event "ICC tourney 2086 (3 2)"]
[Site "Internet Chess Club"]
[Date "2020.10.30"]
[Round "10"]
[White "Priccchess"]
[Black "chessrex"]
[Result "0-1"]
[ICCResult "White resigns"]
[WhiteElo "1483"]
[BlackElo "1838"]
[Opening "Philidor: Philidor counter-gambit, Zukertort variation"]
[ECO "C41"]
[NIC "KP.08"]
[Time "22:11:40"]
[TimeControl "180+2"]

1. e4 e5 2. Nf3 d6 3. d4 f5 4. Nc3 fxe4 5. Nxe4 d5 6. Ng3 e4 7. Nd2 Nf6 8.
Be2 Bd6 9. O-O O-O 10. c4 c6 11. Nb3 Be6 12. c5 Bc7 13. Be3 Nbd7 14. Qd2 Ng4
15. Bxg4 Bxg4 16. Rac1 Nf6 17. Rfe1 Nh5 18. Bg5 Qb8 19. Be3 Nf4 20. a3 h5
21. Nf1 Nd3 22. Rc3 Nxe1 23. Qxe1 Bf4 24. Bxf4 Qxf4 25. h3 Bd7 26. Ng3 g6
27. Ne2 Qf6 28. Rg3 Kh7 29. Nc3 Rae8 30. Re3 g5 31. Qe2 Kh6 32. Nd2 Re7 33.
Nf1 Ref7 34. Nd1 g4 35. Ng3 Qg5 36. hxg4 Bxg4 37. Qd2 h4 38. Nf1 Bxd1 39.
Qxd1 Rxf2 40. Rb3 Rxf1+ 41. Qxf1 Rxf1+ 42. Kxf1 Qc1+ 43. Kf2 Qc2+
{White resigns}
0-1

[Event "ICC tourney 2086 (3 2)"]
[Site "Internet Chess Club"]
[Date "2020.10.30"]
[Round "10"]
[White "ama2024"]
[Black "chessw23"]
[Result "0-1"]
[ICCResult "White checkmated"]
[WhiteElo "1360"]
[BlackElo "1670"]
[Opening "Queen's pawn, Mason variation"]
[ECO "D00"]
[NIC "QP.08"]
[Time "22:12:22"]
[TimeControl "180+2"]

1. d4 d5 2. Bf4 e6 3. e3 Nf6 4. Nf3 Bd6 5. Bg3 O-O 6. Bd3 c5 7. c3 Nc6 8.
Ne5 Qc7 9. f4 Ne4 10. Nd2 f5 11. Bh4 Nxe5 12. fxe5 Be7 13. Bxe7 Qxe7 14. Qh5
g6 15. Qh3 Qg5 16. a3 cxd4 17. exd4 Qxd2+ 18. Kf1 Qf2# {White checkmated}
0-1

[Event "ICC tourney 2086 (3 2)"]
[Site "Internet Chess Club"]
[Date "2020.10.30"]
[Round "10"]
[White "oxdidi"]
[Black "javasri"]
[Result "0-1"]
[ICCResult "White resigns"]
[WhiteElo "1095"]
[BlackElo "1654"]
[Opening "French: advance, Paulsen attack"]
[ECO "C02"]
[NIC "FR.03"]
[Time "22:11:54"]
[TimeControl "180+2"]

1. e4 e6 2. d4 d5 3. e5 c5 4. c3 Nc6 5. Nf3 Qb6 6. Be2 Nge7 7. O-O cxd4 8.
cxd4 Nf5 9. Re1 Nfxd4 10. Nxd4 Qxd4 11. Qxd4 Nxd4 12. Bd3 Bd7 13. Be3 Nc6
14. Nd2 Nxe5 15. Bc2 Nc6 16. Bd4 Nxd4 17. Bb3 Nxb3 18. axb3 Bb4 19. Rad1 O-O
20. Re2 Bb5 21. Re3 Bxd2 22. Rxd2 Rfc8 23. h3 g6 24. Kh2 Rc7 25. Rg3 Rac8
26. h4 Rc2 27. Rxc2 Rxc2 28. h5 Rxb2 29. h6 Kf8 30. Rc3 Bc6 31. Kg3 f6 32.
Kf4 g5+ 33. Kg4 Kf7 34. Kh5 Rxf2 35. Rg3 d4 36. b4 Rxg2 37. Rxg2 Bxg2 38.
Kg4 Kg6 39. Kg3 Bd5 40. Kf2 Kxh6 41. Ke2 Kg6 42. Kd3 e5 43. b5 b6
{White resigns}
0-1

[Event "ICC tourney 2086 (3 2)"]
[Site "Internet Chess Club"]
[Date "2020.10.30"]
[Round "10"]
[White "atjn494"]
[Black "Jeffchess"]
[Result "1-0"]
[ICCResult "Black checkmated"]
[WhiteElo "1339"]
[BlackElo "1360"]
[Opening "Queen's pawn"]
[ECO "A40"]
[NIC "QO.17"]
[Time "22:11:26"]
[TimeControl "180+2"]

1. d4 c6 2. Bf4 d6 3. Nf3 e6 4. e4 Ne7 5. Bd3 d5 6. e5 Nf5 7. O-O Qb6 8.
Bxf5 Qxb2 9. Nbd2 exf5 10. Nb3 Be6 11. Ng5 Be7 12. Nxe6 fxe6 13. Qh5+ g6 14.
Qh6 Bf8 15. Qg5 Be7 16. Qg3 c5 17. Nxc5 Bxc5 18. dxc5 Qxc2 19. Be3 Nc6 20.
Rfb1 d4 21. Bh6 O-O-O 22. Qg5 d3 23. Rd1 Qc3 24. Qf6 Qxe5 25. Qxe5 Nxe5 26.
Bg7 Kc7 27. Bxe5+ Kc6 28. Bxh8 Rxh8 29. Rxd3 Kxc5 30. Rd7 b6 31. Rxa7 Kd4
32. Re1 e5 33. h3 e4 34. Rb7 Kc5 35. Rb1 Ra8 36. Rxh7 Rxa2 37. Rc7+ Kd6 38.
Rg7 Kc5 39. Rxg6 b5 40. Rg5 Kc4 41. Rxf5 b4 42. Rf4 b3 43. Rxe4+ Kc3 44. Re8
Kc2 45. Rbe1 b2 46. Rb8 Ra1 47. Rc8+ Kb3 48. Rb8+ Ka2 49. Ra8+ Kb3 50. Raxa1
bxa1=N 51. Rxa1 Kc4 52. h4 Kd5 53. h5 Ke6 54. h6 Kf7 55. Ra7+ Kg8 56. h7+
Kh8 57. Ra1 Kxh7 58. Rf1 Kg6 59. f4 Kf5 60. g4+ Kf6 61. g5+ Kf7 62. f5 Kg7
63. f6+ Kf7 64. g6+ Kf8 65. g7+ Kf7 66. g8=Q+ Kxg8 67. f7+ Kf8 68. Kg2 Kg7
69. f8=Q+ Kh7 70. Rf7+ Kg6 71. Rg7+ Kh6 72. Qh8# {Black checkmated} 1-0

[Event "ICC tourney 2086 (3 2)"]
[Site "Internet Chess Club"]
[Date "2020.10.30"]
[Round "10"]
[White "Kinawa"]
[Black "lucachesschess"]
[Result "0-1"]
[ICCResult "White forfeits on time"]
[WhiteElo "1445"]
[BlackElo "1441"]
[Opening "Sicilian: accelerated fianchetto, modern variation with Bc4"]
[ECO "B35"]
[NIC "SI.34"]
[Time "22:11:28"]
[TimeControl "180+2"]

1. e4 c5 2. Nf3 Nc6 3. d4 cxd4 4. Nxd4 Nf6 5. Nc3 g6 6. Be3 Bg7 7. Bc4 O-O
8. f3 e6 9. Qd2 d5 10. exd5 exd5 11. Bb3 Nxd4 12. Bxd4 Re8+ 13. Kf2 Bf5 14.
Rhe1 Qc7 15. Kg1 Rad8 16. Bxf6 Bxf6 17. Rxe8+ Rxe8 18. Qxd5 Qe7 19. Ne4 Be6
20. Qd3 Bxb3 21. axb3 Bxb2 {White forfeits on time} 0-1

[Event "ICC tourney 2086 (3 2)"]
[Site "Internet Chess Club"]
[Date "2020.10.30"]
[Round "10"]
[White "mangomaster"]
[Black "blackjack721"]
[Result "1/2-1/2"]
[ICCResult "Game drawn because neither player has mating material"]
[WhiteElo "1308"]
[BlackElo "1280"]
[Opening "Levitsky attack (Queen's bishop attack)"]
[ECO "D00"]
[NIC "QP.08"]
[Time "22:11:27"]
[TimeControl "180+2"]

1. d4 d5 2. Bg5 Nf6 3. Bxf6 exf6 4. Nf3 Be6 5. e3 c6 6. Nbd2 Bd6 7. c4 Nd7
8. Qc2 Bb4 9. a3 Ba5 10. b4 Bc7 11. cxd5 Bxd5 12. e4 Be6 13. Bc4 Nb6 14.
Bxe6 fxe6 15. Qb3 Qe7 16. Ng1 O-O-O 17. Ne2 f5 18. e5 Nd5 19. Nc4 b5 20.
Nd6+ Bxd6 21. exd6 Qxd6 22. Rc1 Kb8 23. Rc5 Nb6 24. O-O h5 25. Rfc1 Rc8 26.
f4 h4 27. Qf3 h3 28. g3 Nd5 29. Nc3 g5 30. fxg5 f4 31. Nxd5 exd5 32. Qxf4
Qxf4 33. gxf4 Rh4 34. Rxc6 Rxc6 35. Rxc6 Rxf4 36. g6 Rg4+ 37. Kh1 Kb7 38.
Rf6 Rxd4 39. Rf7+ Kc6 40. Kg1 Rg4+ 41. Kf2 Rxg6 42. Rxa7 Rg2+ 43. Kf3 Rxh2
44. Kg3 Rh1 45. Ra6+ Kd7 46. a4 bxa4 47. Rxa4 Kc6 48. Ra5 d4 49. b5+ Kb6 50.
Ra4 Kxb5 51. Rxd4 h2 52. Rh4 Kc5 53. Rxh2 Rxh2 54. Kxh2
{Game drawn because neither player has mating material}
1/2-1/2

[Event "ICC tourney 2086 (3 2)"]
[Site "Internet Chess Club"]
[Date "2020.10.30"]
[Round "10"]
[White "MehPlayer"]
[Black "saisiva765"]
[Result "0-1"]
[ICCResult "White resigns"]
[WhiteElo "1538"]
[BlackElo "1773"]
[Opening "Queen's pawn, Mason variation"]
[ECO "D00"]
[NIC "QP.08"]
[Time "22:11:56"]
[TimeControl "180+2"]

1. d4 d5 2. Bf4 Bf5 3. e3 Nf6 4. Bd3 Bg6 5. Nf3 e6 6. c4 c6 7. Nc3 Nbd7 8.
O-O Nh5 9. Bg3 Nxg3 10. hxg3 Be7 11. cxd5 exd5 12. Qd2 Nf6 13. Qc2 O-O 14.
Rfe1 Bb4 15. Ne5 Re8 16. a3 Bxd3 17. Qxd3 Ba5 18. b4 Bc7 19. f4 Ne4 20. Nxe4
dxe4 21. Qxe4 f6 22. Nxc6 Rxe4 23. Nxd8 Rxd8 24. Rac1 Bb6 25. Kf2 Ree8 26.
a4 a5 27. bxa5 Bxa5 28. Red1 Rc8 29. Rb1 Rc2+ 30. Kf3 b6 31. Rd3 Ra2 32. g4
Rxa4 33. e4 Kf7 34. d5 Rexe4 35. d6 Red4 36. Rbd1 Rxf4+ 37. Ke2 Rae4+ 38.
Re3 Ke8 39. d7+ Kd8 40. g3 Rxg4 41. Kf3 Rxe3+ 42. Kxe3 Rxg3+ 43. Kf4 Rc3 44.
Kf5 Re3 45. Rg1 Re7 {White resigns} 0-1

[Event "ICC tourney 2086 (3 2)"]
[Site "Internet Chess Club"]
[Date "2020.10.30"]
[Round "10"]
[White "Ani97829"]
[Black "jthebest"]
[Result "1-0"]
[ICCResult "Black checkmated"]
[WhiteElo "1422"]
[BlackElo "1157"]
[Opening "Queen's pawn, Mason variation, Steinitz counter-gambit"]
[ECO "D00"]
[NIC "QP.08"]
[Time "22:11:26"]
[TimeControl "180+2"]

1. d4 d5 2. Bf4 c5 3. e3 Nc6 4. c3 Nf6 5. Nf3 Bf5 6. Nbd2 Be4 7. Nxe4 dxe4
8. Ne5 e6 9. Bb5 Rc8 10. Qa4 Qb6 11. Nxc6 bxc6 12. Ba6 Rd8 13. O-O Be7 14.
Rfd1 O-O 15. Rab1 Nd5 16. Bg3 Nc7 17. Be2 Nb5 18. dxc5 Bxc5 19. Rxd8 Rxd8
20. Rd1 Rf8 21. Rd7 h6 22. Qd1 Nc7 23. Bxc7 Qxb2 24. Bd6 Bxd6 25. Rxd6 Qxa2
26. Rxc6 Kh7 27. Ra6 Qb2 28. Rxa7 Qxc3 29. Rd7 Qa5 30. Rd4 Qc3 31. Rxe4 Qc6
32. Rd4 e5 33. Bd3+ f5 34. Rc4 Qf6 35. Qc2 e4 36. Rc6 Qa1+ 37. Bf1 Qe5 38.
Rc5 Qd6 39. Rc6 Qe5 40. Rc8 Rf6 41. Rc5 Qe6 42. Qc3 Rg6 43. g3 f4 44. exf4
Qf7 45. Qe3 Qe7 46. Re5 Qb7 47. Qxe4 Qb2 48. Bd3 Qc1+ 49. Kg2 Qc7 50. Qxg6+
Kh8 51. Re8# {Black checkmated} 1-0

[Event "ICC tourney 2086 (3 2)"]
[Site "Internet Chess Club"]
[Date "2020.10.30"]
[Round "10"]
[White "garfield92037"]
[Black "ChessItUpIowa"]
[Result "1-0"]
[ICCResult "Black forfeits on time"]
[WhiteElo "1506"]
[BlackElo "1524"]
[Opening "Pirc: classical (two knights) system"]
[ECO "B06"]
[NIC "PU.10"]
[Time "22:12:22"]
[TimeControl "180+2"]

1. e4 g6 2. d4 Bg7 3. Nf3 Nf6 4. Nc3 d6 5. Bc4 O-O 6. O-O Nbd7 7. Re1 e5 8.
Bg5 h6 9. Bh4 g5 10. Bg3 Nh5 11. dxe5 dxe5 12. Qd2 Nf4 13. Bxf4 gxf4 14.
Rad1 Qf6 15. Nd5 Qd8 16. Qc3 c6 17. Nb4 a5 18. Nd3 Qc7 19. a4 Re8 20. Ba2 b6
21. Nh4 Nf6 22. Nf3 Bg4 23. Ndxe5 Bxf3 24. Nxf3 Rxe4 25. Rxe4 Nxe4 26. Qc4
Re8 27. Re1 Nd6 28. Qxf4 Rxe1+ 29. Nxe1 Qe7 30. Nd3 c5 31. Qd2 c4 32. Nf4
Bxb2 33. Nd5 Qe6 34. c3 Ba3 35. h3 Bc5 36. Nf4 Qf5 37. Nd5 Ne4 38. g4
{Black forfeits on time}
1-0

[Event "ICC tourney 2086 (3 2)"]
[Site "Internet Chess Club"]
[Date "2020.10.30"]
[Round "10"]
[White "Sherlockm7"]
[Black "Purushottam123"]
[Result "0-1"]
[ICCResult "White forfeits on time"]
[WhiteElo "1305"]
[BlackElo "1395"]
[Opening "QGD: exchange, positional line, 6.Qc2"]
[ECO "D36"]
[NIC "QO.16"]
[Time "22:11:39"]
[TimeControl "180+2"]

1. d4 Nf6 2. c4 e6 3. Nc3 d5 4. cxd5 exd5 5. Bg5 c6 6. Qc2 Be7 7. e3 O-O 8.
Bd3 h6 9. Bh4 Nbd7 10. Nf3 b6 11. O-O Bb7 12. Rac1 c5 13. Rfe1 Rc8 14. Qd2
Ne4 15. Bxe4 dxe4 16. Bxe7 Qxe7 17. Ne5 Nxe5 18. dxe5 Qxe5 19. Qc2 Rfe8 20.
Rcd1 Ba6 21. Qa4 Bd3 22. Qxa7 Qe6 23. Qb7 Rb8 24. Qd5 Qxd5 25. Nxd5 Red8 26.
Nf4 Bc4 27. b3 Bb5 28. h3 Ra8 29. a4 Bc6 30. Ne2 b5 31. axb5 Bxb5 32. Nc3
Bd3 33. Rd2 Ra3 34. Nxe4 Rxb3 35. Nxc5 Rc3 36. Ne4 Rc2 37. Red1 Rxd2 38.
Rxd2 Rd5 39. Nc3 Rd7 40. Ne4 Bb5 41. Rxd7 Bxd7 42. Kf1 Kf8 43. Ke2 Ke7 44.
Kd3 Bf5 45. f3 Ke6 46. Kd4 Bg6 47. Nc5+ Kd6 48. Ne4+ Ke6 49. Ng3 f5 50. e4
fxe4 51. Nxe4 Bf5 52. Ke3 Ke5 53. Ng3 Be6 54. Nh5 g5 55. f4+ gxf4+ 56. Nxf4
Bd7 57. g3 Kf5 58. Kf3 Bc6+ 59. Ke3 Bd7 60. g4+ Kg5 61. Ng2 Bxg4 62. hxg4
Kxg4 63. Kf2 h5 64. Ne3+ Kf4 {White forfeits on time} 0-1

[Event "ICC tourney 2086 (3 2)"]
[Site "Internet Chess Club"]
[Date "2020.10.30"]
[Round "10"]
[White "Tombstone"]
[Black "drberkley"]
[Result "1/2-1/2"]
[ICCResult "Game drawn by repetition"]
[WhiteElo "1707"]
[BlackElo "1550"]
[Opening "King's Indian: fianchetto, Uhlmann (Szabo) variation"]
[ECO "E62"]
[NIC "KI.72"]
[Time "22:11:44"]
[TimeControl "180+2"]

1. d4 Nf6 2. c4 g6 3. Nf3 Bg7 4. g3 d6 5. Bg2 O-O 6. O-O Nc6 7. Nc3 e5 8. d5
Ne7 9. e4 Nd7 10. Be3 f5 11. Ng5 Nf6 12. f4 fxe4 13. Ngxe4 Nf5 14. Qd2 Ng4
15. Bf2 Nxf2 16. Rxf2 exf4 17. Rxf4 Bd4+ 18. Kh1 Be3 19. Qe2 Bxf4 20. gxf4
Qh4 21. Qf3 Bd7 22. Rd1 Rae8 23. Ne2 Nh6 24. Qc3 Ng4 25. h3 Nf2+ 26. Nxf2
Qxf2 27. Ng1 Qxf4 28. Rd4 Qf6 29. Qd2 Qf2 30. Qc3 Bf5 31. Rd2 Qe3 32. Qb4
Be4 33. Re2 Bxg2+ 34. Rxg2 Rf2 35. Qxb7 Rxg2 36. Kxg2 Qd2+ 37. Kh1 Re1 38.
Qc8+ Kg7 39. Qxc7+ Kh6 40. Qxd6 Qc1 41. Qf8+ Kh5 42. Qf3+ Kh6 43. Qf8+ Kg5
44. Qd8+ Kf5 45. Qf8+ Ke5 46. Qe7+ Kd4 47. Qxa7+ Kxc4 48. Qc7+ Kxd5 49. Qd7+
Kc5 50. Qc7+ Kd5 51. Qd7+ Ke5 52. Qe7+ Kf4 53. Qf6+ Kg3 54. Qd6+ Qf4 55.
Qd3+ Kh4 56. Qd8+ Kh5 57. Qa5+ Qe5 58. Qc3 Qxc3 59. bxc3 Rc1 60. Kg2 Rxc3
61. Ne2 Rc2 62. Kf3 Rxa2 63. Nf4+ Kg5 64. Ne6+ Kf6 65. Nf8 Kg7 66. Ne6+ Kg8
67. Ng5 Ra3+ 68. Kg4 Kg7 69. Ne6+ Kf6 70. Nf4 Ra4 71. Kf3 Kf5 72. Nd5 Ra3+
73. Kg2 Ke4 74. Nf6+ Kf4 75. Nxh7 Rg3+ 76. Kh2 Rd3 77. Nf8 Rd2+ 78. Kg1 g5
79. Ne6+ Kf5 80. Ng7+ Ke4 81. Ne6 Kf5 82. Ng7+ Kg6 83. Ne6 Kf5 84. Ng7+ Ke4
85. Ne6 Kf5 {Game drawn by repetition} 1/2-1/2

[Event "ICC tourney 2086 (3 2)"]
[Site "Internet Chess Club"]
[Date "2020.10.30"]
[Round "11"]
[White "Jeffchess"]
[Black "MehPlayer"]
[Result "1-0"]
[ICCResult "Black resigns"]
[WhiteElo "1381"]
[BlackElo "1509"]
[Opening "Sicilian: closed, 2...Nc6"]
[ECO "B23"]
[NIC "SI.44"]
[Time "22:25:39"]
[TimeControl "180+2"]

1. e4 c5 2. Nc3 Nc6 3. Bb5 Nd4 4. Bc4 e6 5. Nf3 a6 6. Nxd4 cxd4 7. Ne2 e5 8.
f4 d6 9. O-O b5 10. Bxf7+ Kxf7 11. fxe5+ Ke8 12. Nxd4 dxe5 13. Qh5+ g6 14.
Qxe5+ Qe7 15. Qxh8 Nh6 16. d3 Bb7 17. Bxh6 {Black resigns} 1-0

[Event "ICC tourney 2086 (3 2)"]
[Site "Internet Chess Club"]
[Date "2020.10.30"]
[Round "11"]
[White "msuarez"]
[Black "jthebest"]
[Result "1-0"]
[ICCResult "Black resigns"]
[WhiteElo "1330"]
[BlackElo "1149"]
[Opening "Giuoco Pianissimo"]
[ECO "C55"]
[NIC "IG.01"]
[Time "22:25:46"]
[TimeControl "180+2"]

1. e4 e5 2. Nf3 Nc6 3. Bc4 Nf6 4. d3 Bc5 5. Be3 O-O 6. Bxc5 d6 7. Be3 Be6 8.
Bb3 Nd4 9. Bxd4 exd4 10. Nxd4 Bxb3 11. axb3 Re8 12. O-O d5 13. exd5 Qxd5 14.
Nf3 Qd6 15. Re1 h6 16. Nc3 g5 17. Qd2 Ng4 18. h3 Nf6 19. Nb5 Qb6 20. Nc3 Kg7
21. Nh2 Rad8 22. Ng4 Nh5 23. Re3 Rxe3 24. Qxe3 Qxe3 25. Nxe3 a6 26. Re1 Rd4
27. Nf5+ {Black resigns} 1-0

[Event "ICC tourney 2086 (3 2)"]
[Site "Internet Chess Club"]
[Date "2020.10.30"]
[Round "11"]
[White "Purushottam123"]
[Black "Jett503"]
[Result "1-0"]
[ICCResult "Black resigns"]
[WhiteElo "1411"]
[BlackElo "1298"]
[Opening "French defense"]
[ECO "C00"]
[NIC "FR.01"]
[Time "22:25:51"]
[TimeControl "180+2"]

1. e4 e6 2. Nf3 d5 3. exd5 exd5 4. d4 Nf6 5. Bd3 Be7 6. O-O O-O 7. Nc3 Nc6
8. Re1 Be6 9. Bg5 h6 10. Bh4 Bg4 11. h3 Bxf3 12. Qxf3 Nxd4 13. Qf4 Ne6 14.
Qf5 g6 15. Qf3 c6 16. Bxg6 Nd4 17. Qd3 c5 18. Bf5 Nxf5 19. Qxf5 Kh8 20. Rxe7
Qxe7 21. Bxf6+ {Black resigns} 1-0

[Event "ICC tourney 2086 (3 2)"]
[Site "Internet Chess Club"]
[Date "2020.10.30"]
[Round "11"]
[White "garfield92037"]
[Black "Tombstone"]
[Result "1-0"]
[ICCResult "Black checkmated"]
[WhiteElo "1530"]
[BlackElo "1683"]
[Opening "Sicilian: Canal-Sokolsky attack, 3...Bd7"]
[ECO "B52"]
[NIC "SI.01"]
[Time "22:25:56"]
[TimeControl "180+2"]

1. e4 c5 2. Nf3 d6 3. Bb5+ Bd7 4. Bxd7+ Nxd7 5. d4 cxd4 6. Qxd4 Ngf6 7. Nc3
g6 8. Bg5 Bg7 9. O-O O-O 10. Rad1 h6 11. Bxf6 Bxf6 12. Qd2 Bg7 13. Nd5 Nc5
14. Rfe1 Qd7 15. b4 Ne6 16. e5 Rad8 17. exd6 Qxd6 18. Qe2 Kh8 19. Rd3 Rfe8
20. Nf6 Qxb4 21. Nxe8 Rxe8 22. g3 Nc5 23. Re3 e6 24. Ne5 Kg8 25. Nd3 Nxd3
26. Rxd3 Qa5 27. Red1 Qxa2 28. Rd7 Rc8 29. Qf3 e5 30. R1d5 f5 31. Rxb7 Qxc2
32. Rdd7 Bf6 33. Qd5+ Kh8 34. Rh7# {Black checkmated} 1-0

[Event "ICC tourney 2086 (3 2)"]
[Site "Internet Chess Club"]
[Date "2020.10.30"]
[Round "11"]
[White "mangomaster"]
[Black "oxdidi"]
[Result "0-1"]
[ICCResult "White checkmated"]
[WhiteElo "1257"]
[BlackElo "1108"]
[Opening "Trompowsky attack (Ruth, Opocenský opening)"]
[ECO "A45"]
[NIC "QP.07"]
[Time "22:25:51"]
[TimeControl "180+2"]

1. d4 Nf6 2. Bg5 g6 3. Nd2 Bg7 4. e4 d6 5. c4 O-O 6. f4 Nbd7 7. h4 b6 8. g4
Bb7 9. Bd3 Re8 10. h5 e6 11. e5 dxe5 12. dxe5 Bxh1 13. exf6 Bxf6 14. Bxf6
Nxf6 15. hxg6 Qxd3 16. gxf7+ Kxf7 17. g5 Ne4 18. Nxe4 Qxe4+ 19. Kf2 Qg2+ 20.
Ke3 Qg3+ 21. Ke2 Qh2+ 22. Ke3 Rad8 23. Qe2 Qg3+ 24. Nf3 Bxf3 25. Qxf3 Rd3+
26. Kxd3 Qxf3+ 27. Kc2 Qe2+ 28. Kb3 Qd3+ 29. Kb4 a5+ 30. Kb5 c6+ 31. Kxc6
Qxc4+ 32. Kb7 Qd5+ 33. Kxb6 Rb8+ 34. Kc7 Qb7+ 35. Kd6 Qd5+ 36. Kc7 Ra8 37.
Kb6 Qd4+ 38. Kb5 Rb8+ 39. Kc6 Qb6+ 40. Kd7 Rb7+ 41. Kc8 Qc7# {White
checkmated} 0-1

[Event "ICC tourney 2086 (3 2)"]
[Site "Internet Chess Club"]
[Date "2020.10.30"]
[Round "11"]
[White "chessw23"]
[Black "Priccchess"]
[Result "0-1"]
[ICCResult "White checkmated"]
[WhiteElo "1646"]
[BlackElo "1507"]
[Opening "Philidor's defense"]
[ECO "C41"]
[NIC "KP.10"]
[Time "22:25:44"]
[TimeControl "180+2"]

1. e4 e5 2. Nf3 d6 3. Bc4 Be7 4. d4 exd4 5. Nxd4 Nf6 6. Nc3 O-O 7. O-O a6 8.
a4 Bd7 9. f4 Nc6 10. Nxc6 Bxc6 11. Re1 Re8 12. Nd5 Bf8 13. Nxf6+ Qxf6 14.
Bd3 Rad8 15. c3 Qg6 16. f5 Qf6 17. Qc2 d5 18. g4 dxe4 19. Bxe4 Bc5+ 20. Kf1
Qh4 21. Kg2 Qxe1 22. Bxc6 Re2+ 23. Kf3 Qf2# {White checkmated} 0-1

[Event "ICC tourney 2086 (3 2)"]
[Site "Internet Chess Club"]
[Date "2020.10.30"]
[Round "11"]
[White "drberkley"]
[Black "yogokings12"]
[Result "1-0"]
[ICCResult "Black resigns"]
[WhiteElo "1566"]
[BlackElo "1530"]
[Opening "Sicilian: Grand Prix attack"]
[ECO "B23"]
[NIC "SI.44"]
[Time "22:25:39"]
[TimeControl "180+2"]

1. e4 c5 2. Nc3 Nc6 3. f4 g6 4. Nf3 Bg7 5. Bb5 Nd4 6. O-O a6 7. Bd3 b5 8.
Nxd4 cxd4 9. Ne2 Bb7 10. f5 d6 11. Ng3 Nf6 12. Qe2 Qb6 13. Kh1 O-O 14. c3
dxc3 15. dxc3 Qc6 16. Bg5 Rae8 17. Rae1 Nd7 18. Bc2 Nc5 19. Qg4 d5 20. exd5
Qxd5 21. Ne4 h6 22. Nxc5 hxg5 23. Nxb7 Qxb7 24. Qxg5 Qc6 25. fxg6 Qxg6 26.
Bxg6 fxg6 27. Rxf8+ Rxf8 28. h3 Kf7 29. Rf1+ {Black resigns} 1-0

[Event "ICC tourney 2086 (3 2)"]
[Site "Internet Chess Club"]
[Date "2020.10.30"]
[Round "11"]
[White "lucachesschess"]
[Black "chessrex"]
[Result "0-1"]
[ICCResult "White checkmated"]
[WhiteElo "1438"]
[BlackElo "1841"]
[Opening "Queen's pawn: Charlick (Englund) gambit"]
[ECO "A40"]
[NIC "QO.17"]
[Time "22:25:53"]
[TimeControl "180+2"]

1. d4 e5 2. dxe5 Nc6 3. Nf3 Nge7 4. Nc3 h6 5. e4 g5 6. Bc4 Bg7 7. e6 fxe6 8.
O-O O-O 9. Re1 Ng6 10. Bd3 Nce5 11. Nxe5 Bxe5 12. Qh5 Kg7 13. Nd5 c6 14. Ne3
Nf4 15. Qg4 h5 16. Qd1 Qf6 17. f3 b5 18. Bd2 Nxd3 19. cxd3 Bxb2 20. Rb1 Bd4
21. Qc2 Bb7 22. Rbd1 c5 23. Kh1 Rac8 24. Qb3 a6 25. Nc2 e5 26. Nxd4 cxd4 27.
Qb1 g4 28. f4 exf4 29. e5 Qc6 30. Re2 f3 31. Rf2 fxg2+ 32. Kg1 Rxf2 33. Kxf2
Qf3+ 34. Kg1 Rf8 35. Qc1 Qf2# {White checkmated} 0-1

[Event "ICC tourney 2086 (3 2)"]
[Site "Internet Chess Club"]
[Date "2020.10.30"]
[Round "11"]
[White "javasri"]
[Black "Ani97829"]
[Result "1-0"]
[ICCResult "Black forfeits on time"]
[WhiteElo "1658"]
[BlackElo "1409"]
[Opening "Sicilian defense"]
[ECO "B20"]
[NIC "SI.48"]
[Time "22:25:42"]
[TimeControl "180+2"]

1. e4 c5 2. c4 d6 3. Nf3 Nf6 4. Nc3 Nc6 5. d4 cxd4 6. Nxd4 a6 7. Be2 e5 8.
Nc2 Be7 9. O-O Be6 10. Kh1 O-O 11. f3 h6 12. b3 Nh5 13. Ba3 Nf4 14. Qd2 Nxe2
15. Qxe2 Qd7 16. Rfd1 Rad8 17. Rd2 Qc7 18. Rad1 Qc8 19. Bxd6 Bxd6 20. Rxd6
Rxd6 21. Rxd6 Qc7 22. Rd3 Rd8 23. Nd5 Bxd5 24. exd5 Nb8 25. h3 Qd6 26. Re3
f6 27. a4 {Black forfeits on time} 1-0

[Event "ICC tourney 2086 (3 2)"]
[Site "Internet Chess Club"]
[Date "2020.10.30"]
[Round "11"]
[White "ChessItUpIowa"]
[Black "ama2024"]
[Result "1-0"]
[ICCResult "Black forfeits on time"]
[WhiteElo "1536"]
[BlackElo "1347"]
[Opening "Queen's bishop game"]
[ECO "D00"]
[NIC "QP.08"]
[Time "22:25:41"]
[TimeControl "180+2"]

1. d4 d5 2. Bf4 Nf6 3. Nf3 Bg4 4. Nbd2 e6 5. h3 Bh5 6. e3 c5 7. c3 Nc6 8.
Be2 Bd6 9. Ne5 Bxe2 10. Qxe2 Qc7 11. Ndf3 Ne4 12. O-O O-O 13. g3 f6 14. Nxc6
Bxf4 15. Ne7+ Qxe7 16. gxf4 cxd4 17. cxd4 f5 18. Kh2 Rf6 19. Rg1 Rg6 20.
Rxg6 hxg6 21. Rg1 Qf6 22. Ne5 g5 23. fxg5 Nxg5 24. Qh5 Ne4 25. Ng6
{Black forfeits on time}
1-0

[Event "ICC tourney 2086 (3 2)"]
[Site "Internet Chess Club"]
[Date "2020.10.30"]
[Round "11"]
[White "saisiva765"]
[Black "stephenwilly"]
[Result "1-0"]
[ICCResult "Black checkmated"]
[WhiteElo "1779"]
[BlackElo "1518"]
[Opening "Queen's pawn, Mason variation"]
[ECO "D00"]
[NIC "QP.08"]
[Time "22:25:42"]
[TimeControl "180+2"]

1. d4 d5 2. Bf4 Nf6 3. e3 Bf5 4. Nf3 Nc6 5. c3 e6 6. Nbd2 Bd6 7. Bg3 Ne4 8.
Nxe4 Bxe4 9. Ne5 Bxe5 10. dxe5 O-O 11. f3 Bg6 12. Bd3 Bxd3 13. Qxd3 f6 14.
exf6 Qxf6 15. Bxc7 Ne5 16. Bxe5 Qxe5 17. Qd4 Qg5 18. O-O Rf6 19. e4 Rg6 20.
Rf2 Rf8 21. Kh1 Rh6 22. Re1 Qg3 23. h3 Rxf3 24. Rxf3 Qxe1+ 25. Kh2 Qxe4 26.
Qxa7 Rf6 27. Qb8+ Kf7 28. Qxb7+ Kg6 29. Rg3+ Kf5 30. Qxg7 Rg6 31. Qxh7 Kf6
32. Qxg6+ Qxg6 33. Rxg6+ Kxg6 34. Kg3 Kf5 35. Kf3 e5 36. Ke3 Kg5 37. a4 Kf6
38. a5 Ke6 39. h4 Kd6 40. h5 Kc6 41. h6 Kb5 42. h7 d4+ 43. cxd4 exd4+ 44.
Kxd4 Kxa5 45. h8=Q Kb4 46. g4 Kb3 47. g5 Kb4 48. g6 Kb3 49. g7 Kb4 50. g8=Q
Ka4 51. Qc4+ Ka5 52. Qd8# {Black checkmated} 1-0

[Event "ICC tourney 2086 (3 2)"]
[Site "Internet Chess Club"]
[Date "2020.10.30"]
[Round "11"]
[White "PearsonH"]
[Black "atjn494"]
[Result "1-0"]
[ICCResult "Black forfeits on time"]
[WhiteElo "1436"]
[BlackElo "1313"]
[Opening "Robatsch (modern) defense"]
[ECO "B06"]
[NIC "KF.05"]
[Time "22:25:40"]
[TimeControl "180+2"]

1. e4 g6 2. d4 Bg7 3. Nc3 d6 4. Be3 Nf6 5. Qd2 O-O 6. O-O-O c5 7. dxc5 Nc6
8. cxd6 e6 9. f4 a5 10. e5 Nd7 11. g4 a4 12. h4 a3 13. b3 Nb4 14. h5 b6 15.
Bg2 Ra7 16. hxg6 fxg6 17. Nf3 Ba6 18. Ng5 Qc8 19. Nxe6 Nxe5 20. fxe5 Bxe5
21. Nd4 Rff7 22. Rdf1 Bxf1 23. Rxf1 Rxf1+ 24. Bxf1 Qxg4 25. Bc4+ Kh8 26. Be6
Qh4 27. Ndb5 Qh1+ 28. Qd1 Qh4 29. Nxa7 Bxc3 30. d7 Nxa2+ 31. Kb1 Nb4 32.
d8=Q+ {Black forfeits on time} 1-0